Unix NetHack Version 3.7.0-73 Work-in-progress - last build Feb 17 2023 02:16:44 (48fe2e8c4a70f1d2d5b622443eb9b5bc1b8d05f7,branch:master). Game began 2023-02-24 23:58:11, ended 2023-02-25 00:08:33. microlance, lawful male human Priest ------- ---------- |.(...| |........| |.....| |........|# |.....| |....q@...#### |.....+ .........|# # |...<.| ---------- ##-...(.| --.---- Microlance the Acolyte St:12 Dx:13 Co:15 In:11 Wi:18 Ch:10 Lawful S:857 Dlvl:4 $:15 HP:0(43) Pw:39(48) AC:6 Xp:5/163 T:2118 Latest messages: A wisp of vapor escapes the fountain... Drink from the fountain? [yn] (n) The cool draught refreshes you. The fountain dries up! The rock mole bites! You hit the rock mole! You miss the rock mole. The rock mole bites! You miss the rock mole. You miss the rock mole. You miss the rock mole. You hit the rock mole! The rock mole bites! You hit the rock mole. You kill the rock mole! Welcome to experience level 5. You see here a key. You see here a large box. Hmmm, the large box turns out to be locked. Unlock it with your key? [ynq] (q) You succeed in unlocking the box. In what direction? Never mind. K - a purple-red potion. L - a cursed sky blue potion. M - a long wand. What do you want to throw? [$ or ?*] In what direction? What do you want to drink? [dJKL or ?*] That was smooth! What do you want to zap? [xM or ?*] In what direction? The door opens. You find a hidden passage. What do you want to zap? [xM or ?*] In what direction? The rothe is suddenly moving faster. You miss the rothe. The rothe hits! The rothe bites! The rothe bites! You hit the rothe. The rothe hits! The rothe bites! The rothe bites! You hit the rothe. The rothe hits! The rothe bites! The rothe bites! You die... Inventory: Coins ('$') $ - 15 gold pieces Weapons (')') a - a blessed very corroded +1 mace (weapon in hand) Armor ('[') u - a +0 orcish helm (being worn) c - a +0 small shield (being worn) b - a +0 robe (being worn) Comestibles ('%') e - a clove of garlic Scrolls ('?') q - a scroll of destroy armor k - a scroll of enchant armor i - a scroll of scare monster Spellbooks ('+') h - a spellbook of detect monsters g - a spellbook of healing z - a spellbook of remove curse Potions ('!') L - a cursed potion of confusion J - a cursed potion of see invisible d - 4 potions of holy water Rings ('=') n - a -1 ring of gain strength Wands ('/') x - a wand of cancellation (0:3) M - a wand of speed monster (0:6) Tools ('(') j - a skeleton key Gems/Stones ('*') y - a worthless piece of white glass t - a luckstone Microlance the Priest's attributes: Background: You were an Acolyte, a level 5 human Priest. You were lawful, on a mission for Amaterasu Omikami who was opposed by Raijin (neutral) and Susanowo (chaotic). You were in the Dungeons of Doom, on level 4. You entered the dungeon 2118 turns ago. It was the midnight hour. You had 163 experience points, 157 more were needed to attain level 6. Your score was 857 before end-of-game adjustments. Basics: You had 0 out of 43 hit points. You had 39 out of 48 energy points (spell power). Your armor class was 6. Your wallet contained 15 zorkmids. Autopickup was on for '$?!"=/' plus thrown, with exceptions. Final Characteristics: Your strength was 12 (limit:18/100). Your dexterity was 13 (limit:18). Your constitution was 15 (limit:18). Your intelligence was 11 (limit:18). Your wisdom was 18 (limit:18). Your charisma was 10 (limit:18). Final Status: You were not hungry. You were unencumbered. You were wielding a mace. You had basic skill with mace and could have enhanced that. Final Attributes: You were piously aligned. You were telepathic. You were guarded. You were lucky. You had extra luck. Bad luck did not time out for you. Good luck did not time out for you. You are dead. Miscellaneous: You disabled loading of bones levels. Total elapsed playing time was 10 minutes and 21 seconds. Major events: Turn 1: microlance the lawful human Priest entered the dungeon 691: attained the rank of Acolyte (level 3) 2118: killed by a rothe Vanquished creatures: a rock mole a shrieker a floating eye 2 dwarf zombies a wererat 4 acid blobs a gas spore a hobgoblin a giant rat a brown mold a yellow mold a green mold 4 garter snakes a gecko 2 jackals 2 kobolds 2 goblins 9 sewer rats 3 grid bugs a bat 4 lichens 7 newts 51 creatures vanquished. No species were genocided or became extinct. Voluntary challenges: You read items or engraved 3 times. You never engraved Elbereth. You never genocided any monsters. You never polymorphed an object. You never changed form. You used no wishes. Achievements: You entered a shop. You attained the rank of Acolyte. The Dungeons of Doom: levels 1 to 4 Level 1: Level 2: An armor shop, an altar to Amaterasu Omikami, a grave. Level 3: Level 4: <- You were here. Final resting place for you, killed by a rothe. Game over: ---------- / \ / REST \ / IN \ / PEACE \ / \ | microlance | | 15 Au | | killed by a | | rothe | | | | | | 2023 | *| * * * | * _________)/\\_//(\/(/\)/\//\/|_)_______ Goodbye microlance the Priest... You died in The Dungeons of Doom on dungeon level 4 with 856 points, and 15 pieces of gold, after 2118 moves. You were level 5 with a maximum of 43 hit points when you died.